SNL (28 & UNDER)
WEST VIRGINIA POWER @ BLACKIRON DRAGONS
04/05/2030
 
TOP OF THE 1ST
West Virginia Power batting - Pitching for BlackIron Dragons : RHP Juan Carlos Guerrero
Pitching: RHP Juan Carlos Guerrero
Batting: RHB Matt Tucker 0-0: Called Strike
0-1: Called Strike
0-2: Foul Ball, location: 2F
0-2: Foul Ball, location: 2F
0-2: Ball
1-2: Strikes out looking
Batting: RHB Andrew Pinto 0-0: Called Strike
0-1: Swinging Strike
0-2: Foul Ball, location: 2F
0-2: Ball
1-2: Ball
2-2: Ball
3-2: SINGLE (Line Drive, 89S)
Batting: LHB William Donnelly 0-0: Fielders Choice at 2nd, 4-6 (Groundball, 34)
Batting: RHB Diego Benítez 0-0: Swinging Strike
0-1: Ball
1-1: Ball
2-1: Foul Ball, location: 2F
2-2: Foul Ball, location: 2F
2-2: Ball
3-2: TRIPLE (Flyball, 9D)
William Donnelly scores
Batting: RHB Cory Hester 0-0: Called Strike
0-1: Foul Ball, location: 2F
0-2: Ball
1-2: Ball
2-2: Ground out 5-3 (Groundball, 56)
Top of the 1st over - 1 run, 2 hits, 0 errors, 1 left on base; West Virginia 1 - BlackIron 0
BOTTOM OF THE 1ST
BlackIron Dragons batting - Pitching for West Virginia Power : RHP Pedro Alvarado
Pitching: RHP Pedro Alvarado
Batting: RHB Joaquín Valenzuela 0-0: Foul Ball, location: 2F
0-1: Foul Ball, location: 2F
0-2: Ball
1-2: Foul Ball, location: 2F
1-2: Strikes out looking
Batting: RHB Randall Walker 0-0: Ball
1-0: Ball
2-0: Called Strike
2-1: Foul Ball, location: 2F
2-2: Strikes out swinging
Batting: RHB Ryan Jackson 0-0: Foul Ball, location: 2F
0-1: Fly out, F9 (Flyball, 89D)
Bottom of the 1st over - 0 runs, 0 hits, 0 errors, 0 left on base; West Virginia 1 - BlackIron 0
TOP OF THE 2ND
West Virginia Power batting - Pitching for BlackIron Dragons : RHP Juan Carlos Guerrero
Batting: SHB Nuno Fonseca 0-0: Fly out, F9 (Line Drive, 9D)
Batting: LHB Wilson Turner 0-0: Ball
1-0: SINGLE (Groundball, 4S) (infield hit)
Batting: RHB Vaughan Shelton 0-0: Called Strike
0-1: Called Strike
0-2: Ball
Wilson Turner is caught stealing 2nd base
1-2: Ball
2-2: Foul Ball, location: 2F
2-2: Fly out, F4 (Popup, 4D)
Top of the 2nd over - 0 runs, 1 hit, 0 errors, 0 left on base; West Virginia 1 - BlackIron 0
BOTTOM OF THE 2ND
BlackIron Dragons batting - Pitching for West Virginia Power : RHP Pedro Alvarado
Batting: RHB Millard Long 0-0: Called Strike
0-1: Ball
1-1: Fly out, F4 (Popup, 4M)
Batting: RHB John Jones 0-0: Fly out, F7 (Flyball, 7S)
Batting: RHB Alexander Barr 0-0: Foul Ball, location: 2F
0-1: Swinging Strike
0-2: Ball
1-2: Ball
2-2: Strikes out looking
Bottom of the 2nd over - 0 runs, 0 hits, 0 errors, 0 left on base; West Virginia 1 - BlackIron 0
TOP OF THE 3RD
West Virginia Power batting - Pitching for BlackIron Dragons : RHP Juan Carlos Guerrero
Batting: RHB Roberto Chávez 0-0: Ball
1-0: Ball
2-0: Called Strike
2-1: Foul Ball, location: 2F
2-2: Ground out 5-3 (Groundball, 5)
Batting: RHB Matt Tucker 0-0: Ball
1-0: Ball
2-0: Called Strike
2-1: Ground out 4-3 (Groundball, 4)
Batting: RHB Andrew Pinto 0-0: Called Strike
0-1: Ball
1-1: Foul Ball, location: 2F
1-2: SOLO HOME RUN (Flyball, 7LD), Distance : 380 ft
Batting: LHB William Donnelly 0-0: Ball
1-0: Foul Ball, location: 2F
1-1: Swinging Strike
1-2: Ball
2-2: Foul Ball, location: 2F
2-2: Ground out 6-3 (Groundball, 6)
Top of the 3rd over - 1 run, 1 hit, 0 errors, 0 left on base; West Virginia 2 - BlackIron 0
BOTTOM OF THE 3RD
BlackIron Dragons batting - Pitching for West Virginia Power : RHP Pedro Alvarado
Batting: LHB Roy Woods 0-0: Ball
1-0: Called Strike
1-1: Ground out 1-3 (Groundball, P)
Batting: RHB Jake Erickson 0-0: Called Strike
0-1: Called Strike
0-2: Ball
1-2: Foul Ball, location: 2F
1-2: Ball
2-2: Strikes out swinging
Batting: RHB Luis Méndez 0-0: Ball
1-0: Called Strike
1-1: Hit by Pitch
Batting: RHB Joaquín Valenzuela 0-0: Ball
1-0: Swinging Strike
1-1: Ball
2-1: Ball
3-1: Base on Balls
Luis Méndez to second
Batting: RHB Randall Walker 0-0: Ball
1-0: Reached on error, E6 (Groundball, 6)
Luis Méndez to third
Joaquín Valenzuela to second
Batting: RHB Ryan Jackson 0-0: Swinging Strike
0-1: Called Strike
0-2: SINGLE (Groundball, 4D)
Luis Méndez scores
Joaquín Valenzuela to third
Randall Walker to second
Runner from 3rd tries for Home, SAFE, throw made home
Batting: RHB Millard Long 0-0: Ball
1-0: Called Strike
1-1: Ball
2-1: Ball
3-1: Foul Ball, location: 2F
3-2: Foul Ball, location: 2F
3-2: Fly out, F8 (Line Drive, 8RXD)
Bottom of the 3rd over - 2 runs, 1 hit, 1 error, 2 left on base; West Virginia 2 - BlackIron 2
TOP OF THE 4TH
West Virginia Power batting - Pitching for BlackIron Dragons : RHP Juan Carlos Guerrero
Batting: RHB Diego Benítez 0-0: Foul Ball, location: 2F
0-1: Ball
1-1: Swinging Strike
1-2: Hit by Pitch
Pinch Runner at 1st Luis Ortega:
Batting: RHB Cory Hester 0-0: Ball
1-0: Fly out, F9 (Flyball, 9)
Batting: SHB Nuno Fonseca 0-0: Called Strike
0-1: Foul Ball, location: 2F
0-2: Hit by Pitch
Luis Ortega to second
Batting: LHB Wilson Turner 0-0: Fly out, F7 (Flyball, 7)
Batting: RHB Vaughan Shelton 0-0: Ball
1-0: Ball
2-0: Called Strike
2-1: Fly out, F7 (Flyball, 78D)
Top of the 4th over - 0 runs, 0 hits, 0 errors, 2 left on base; West Virginia 2 - BlackIron 2
BOTTOM OF THE 4TH
BlackIron Dragons batting - Pitching for West Virginia Power : RHP Pedro Alvarado
Batting: RHB John Jones 0-0: Ball
1-0: Ground out 1-3 (Groundball, 13)
Batting: RHB Alexander Barr 0-0: Fly out, F9 (Flyball, 9D)
Batting: LHB Roy Woods 0-0: Ground out U3 (Groundball, 34S)
Bottom of the 4th over - 0 runs, 0 hits, 0 errors, 0 left on base; West Virginia 2 - BlackIron 2
TOP OF THE 5TH
West Virginia Power batting - Pitching for BlackIron Dragons : RHP Juan Carlos Guerrero
Batting: RHB Roberto Chávez 0-0: Ball
1-0: SINGLE (Groundball, 6MD)
Batting: RHB Matt Tucker 0-0: Ball
1-0: Fielders Choice at 2nd, 1-6 (Groundball, P)
Batting: RHB Andrew Pinto 0-0: Called Strike
Matt Tucker steals 2nd base
0-1: Ground out 5-3 (Groundball, 5)
Batting: LHB William Donnelly 0-0: Intentional Walk
Batting: RHB Luis Ortega 0-0: Ball
1-0: Ball
2-0: Ball
3-0: Base on Balls
Matt Tucker to third
William Donnelly to second
Batting: RHB Cory Hester 0-0: Called Strike
0-1: Ball
1-1: Called Strike
1-2: SINGLE (Line Drive, 6MD)
Matt Tucker scores
William Donnelly to third
Luis Ortega to second
Batting: SHB Nuno Fonseca 0-0: Swinging Strike
0-1: Called Strike
0-2: Fly out, F8 (Flyball, 8RS)
Top of the 5th over - 1 run, 2 hits, 0 errors, 3 left on base; West Virginia 3 - BlackIron 2
BOTTOM OF THE 5TH
BlackIron Dragons batting - Pitching for West Virginia Power : RHP Pedro Alvarado
Batting: RHB Jake Erickson 0-0: Ball
1-0: Called Strike
1-1: Ball
2-1: Foul Ball, location: 2F
2-2: Ball
3-2: Base on Balls
Batting: RHB Luis Méndez 0-0: Ball
1-0: Ground out 6-3 (Groundball, 6S)
Jake Erickson to second
Batting: RHB Joaquín Valenzuela 0-0: Called Strike
0-1: Foul Ball, location: 2F
0-2: Ball
1-2: Strikes out swinging
Batting: RHB Randall Walker 0-0: Swinging Strike
0-1: Swinging Strike
0-2: Strikes out swinging
Bottom of the 5th over - 0 runs, 0 hits, 0 errors, 1 left on base; West Virginia 3 - BlackIron 2
TOP OF THE 6TH
West Virginia Power batting - Pitching for BlackIron Dragons : RHP Juan Carlos Guerrero
Pitching: RHP José Moreno
Batting: LHB Wilson Turner 0-0: Called Strike
0-1: Ball
1-1: Called Strike
1-2: Strikes out swinging
Batting: RHB Vaughan Shelton 0-0: Ball
1-0: Ball
2-0: Ball
3-0: Base on Balls
Batting: RHB Roberto Chávez 0-0: Called Strike
0-1: Foul Ball, location: 2F
0-2: Ball
Vaughan Shelton steals 2nd base
1-2: SINGLE (Line Drive, 4D)
Vaughan Shelton to third
Batting: RHB Matt Tucker 0-0: Swinging Strike
0-1: Called Strike
0-2: Strikes out looking
Batting: RHB Andrew Pinto 0-0: Ground out 5-3 (Groundball, 56S)
Top of the 6th over - 0 runs, 1 hit, 0 errors, 2 left on base; West Virginia 3 - BlackIron 2
BOTTOM OF THE 6TH
BlackIron Dragons batting - Pitching for West Virginia Power : RHP Pedro Alvarado
Batting: RHB Ryan Jackson 0-0: Ball
1-0: Ball
2-0: Foul Ball, location: 2F
2-1: Ball
3-1: SINGLE (Line Drive, 9LS)
Pitching: RHP Bill Hendricks
Batting: RHB Millard Long 0-0: Ball
1-0: Ball
2-0: Called Strike
2-1: Called Strike
2-2: Ball
3-2: Foul Ball, location: 2F
3-2: Fly out, F7 (Flyball, 7LS)
Pinch Runner at 1st Jimmy King:
Batting: RHB John Jones 0-0: Ball
1-0: Ball
2-0: Ball
3-0: Called Strike
3-1: Fly out, F6 (Popup, 6MD)
Batting: RHB Alexander Barr 0-0: Ball
1-0: Called Strike
1-1: Ball
Jimmy King steals 2nd base
2-1: Foul Ball, location: 2F
2-2: Strikes out swinging
Bottom of the 6th over - 0 runs, 1 hit, 0 errors, 1 left on base; West Virginia 3 - BlackIron 2
TOP OF THE 7TH
West Virginia Power batting - Pitching for BlackIron Dragons : RHP José Moreno
Pitching: LHP Nick Walters
Batting: LHB William Donnelly 0-0: Swinging Strike
0-1: Called Strike
0-2: Strikes out looking
Pitching: LHP Ben Newman
Batting: RHB Luis Ortega 0-0: Called Strike
0-1: Ball
1-1: Called Strike
1-2: Ball
2-2: Ball
3-2: SINGLE (Groundball, 6MD)
Pinch Runner at 1st José Maldonado:
Batting: RHB Cory Hester 0-0: Ball
1-0: Called Strike
1-1: Called Strike
1-2: Ground out 5-3 (Groundball, 56S)
José Maldonado to second
Pinch Hitting: RHB Joe Salas 0-0: Intentional Walk
Pinch Hitting: RHB Luis Montoya 0-0: Foul Ball, location: 2F
0-1: Foul Ball, location: 2F
0-2: Ball
1-2: Ball
2-2: Fly out, F7 (Flyball, 7)
Top of the 7th over - 0 runs, 1 hit, 0 errors, 2 left on base; West Virginia 3 - BlackIron 2
BOTTOM OF THE 7TH
BlackIron Dragons batting - Pitching for West Virginia Power : RHP Bill Hendricks
Now at 1B: Joe Salas
Now at SS: Luis Montoya
Batting: LHB Roy Woods 0-0: Called Strike
0-1: Ball
1-1: Foul Ball, location: 2F
1-2: Strikes out looking
Batting: RHB Jake Erickson 0-0: Ball
1-0: Called Strike
1-1: Fly out, F8 (Flyball, 8RS)
Batting: RHB Luis Méndez 0-0: Called Strike
0-1: Ground out 5-3 (Groundball, 56)
Bottom of the 7th over - 0 runs, 0 hits, 0 errors, 0 left on base; West Virginia 3 - BlackIron 2
TOP OF THE 8TH
West Virginia Power batting - Pitching for BlackIron Dragons : LHP Ben Newman
Batting: RHB Vaughan Shelton 0-0: Foul Ball, location: 2F
0-1: Called Strike
0-2: Strikes out swinging
Batting: RHB Roberto Chávez 0-0: Ball
1-0: Ball
2-0: Ball
3-0: Called Strike
3-1: Ground out 5-3 (Groundball, 25)
Batting: RHB Matt Tucker 0-0: Ball
1-0: Ball
2-0: Ball
3-0: Called Strike
3-1: Base on Balls
Batting: RHB Andrew Pinto 0-0: Ball
Matt Tucker steals 2nd base
1-0: Ball
2-0: Foul Ball, location: 2F
2-1: Foul Ball, location: 2F
2-2: Ball
3-2: Strikes out looking
Top of the 8th over - 0 runs, 0 hits, 0 errors, 1 left on base; West Virginia 3 - BlackIron 2
BOTTOM OF THE 8TH
BlackIron Dragons batting - Pitching for West Virginia Power : RHP Bill Hendricks
Batting: RHB Joaquín Valenzuela 0-0: Ball
1-0: Swinging Strike
1-1: Ball
2-1: Called Strike
2-2: Ball
3-2: Foul Ball, location: 2F
3-2: Foul Ball, location: 2F
3-2: Base on Balls
Pitching: RHP António Córdova
Pinch Hitting: LHB José Martínez 0-0: Ball
1-0: Foul Ball, location: 2F
1-1: Ball
2-1: 2-RUN HOME RUN (Flyball, 89XD), Distance : 419 ft
Batting: RHB Jimmy King 0-0: Fly out, F6 (Flyball, 56D)
Batting: RHB Millard Long 0-0: Called Strike
0-1: TRIPLE (Groundball, 3L)
Batting: RHB John Jones 0-0: Ball
1-0: Ball
2-0: Ball
3-0: Called Strike
3-1: Called Strike
3-2: Strikes out swinging
Batting: RHB Alexander Barr 0-0: Foul Ball, location: 2F
0-1: Called Strike
0-2: Strikes out swinging
Bottom of the 8th over - 2 runs, 2 hits, 0 errors, 1 left on base; West Virginia 3 - BlackIron 4
TOP OF THE 9TH
West Virginia Power batting - Pitching for BlackIron Dragons : LHP Ben Newman
Pitching: RHP Julián Romero
Now at 1B: Roderick Silva
Now at SS: Joe Baker
Now in LF: Jason Erickson
Now in CF: Miguel Barrón
Batting: LHB William Donnelly 0-0: Called Strike
0-1: Called Strike
0-2: Ball
1-2: Foul Ball, location: 2F
1-2: Ball
2-2: Ball
3-2: SINGLE (Line Drive, 8LM)
Pinch Runner at 1st Norberto Márquez:
Batting: RHB José Maldonado 0-0: Called Strike
0-1: Ball
1-1: Swinging Strike
1-2: Grounds into double play, 6-4-3 (Groundball, 56)
Batting: RHB Cory Hester 0-0: Ball
1-0: Ball
2-0: Ground out 5-3 (Groundball, 56S)
Top of the 9th over - 0 runs, 1 hit, 0 errors, 0 left on base; West Virginia 3 - BlackIron 4
Saturday, April 7th, 2018 - OOTP Baseball 18.8 Build 76